 Dungeon Crawl Stone Soup version 0.26-a0-540-g8a0c9464d7 (webtiles) character file.

Game seed: 16989082143378598370

84 ANON1729 the Sneak (level 4, -2/27 HPs)
             Began as a Kobold Brigand on Aug 15, 2020.
             Slain by a gnoll
             ... wielding a +0 flail
              (6 damage)
             ... on level 2 of the Dungeon.
             The game lasted 00:03:22 (2045 turns).

ANON1729 the Sneak (Kobold Brigand)                 Turns: 2045, Time: 00:03:23

Health: -2/27      AC:  9    Str:  8    XL:     4   Next: 72%
Magic:  4/4        EV: 15    Int: 12    God:
Gold:   43         SH:  0    Dex: 17    Spells: 3/3 levels left

rFire    . . .     SeeInvis .   l - +2 short sword (protect)
rCold    . . .     Faith    .   (shield restricted)
rNeg     . . .     Spirit   .   b - +0 robe
rPois    .         Reflect  .   (no helmet)
rElec    .         Harm     .   g - scarf {+Inv}
rCorr    .                      (no gloves)
MR       .....                  (no boots)
Stlth    ++++......             (no amulet)
HPRegen  0.09/turn              (no ring)
MPRegen  0.09/turn              (no ring)

@: protection aura
A: small, nightstalker 3
a: Evoke Invisibility


You were on level 2 of the Dungeon.
You visited 1 branch of the dungeon, and saw 2 of its levels.

You collected 43 gold pieces.

Inventory:

Hand Weapons
 a - a +2 dagger
 l - a +2 short sword of protection (weapon)
Missiles
 d - 7 poisoned darts (quivered)
 e - 2 curare-tipped darts
 f - 3 silver boomerangs
Armour
 b - a +0 robe (worn)
 c - a +0 cloak
 g - a scarf of invisibility (worn)
Jewellery
 m - an uncursed amulet of faith {unknown}
Scrolls
 h - a scroll of blinking {unknown}
 i - 3 scrolls of immolation {unknown}
 j - 2 scrolls of fear {unknown}
 n - a scroll of amnesia {unknown}
 o - 3 scrolls of identify {unknown}
Potions
 k - a potion of stabbing {unknown}


   Skills:
 + Level 2.7 Fighting
 * Level 3.9 Short Blades
 + Level 2.6 Throwing
 + Level 2.0 Dodging
 * Level 6.1 Stealth
 + Level 1.0 Evocations


You had 3 spell levels left.
You didn't know any spells.
Your spell library was empty.

Dungeon Overview and Level Annotations

Branches:
Dungeon (2/15)

Altars:


Innate Abilities, Weirdness & Mutations

You are small and have problems with some larger weapons.
You are completely attuned to the shadows.


Message History

The gnoll hits you with a +0 spear!
* * * LOW HITPOINT WARNING * * *
You hit the gnoll.
The gnoll is severely wounded.
The gnoll barely misses you.
You hit the gnoll.
The gnoll is almost dead.
The gnoll misses you.
You hit the gnoll but do no damage.
The gnoll is almost dead.
The gnoll closely misses you.
You hit the gnoll.
You kill the gnoll!
You hit the gnoll.
The gnoll is severely wounded.
The gnoll hits you but does no damage.
You barely miss the gnoll.
The gnoll is severely wounded.
The gnoll hits you with a +0 flail.
You die...

.....#.........#..........#...#.#
.....####......#..........#.....#
)....# #......#..........#.....#
.....# #.................#.....#
###### #.................#...#.#
#...............†.#...#..
#......#'########.##..#..
......#g# #.##..#.. .....#@#
#.##..... .....#.# #.###.#..
.....#.# #........ #+# ####..##†
#.#### #....' ###### ###'####
##.......


You could see a gnoll.

Vanquished Creatures
  3 gnolls (D:2)
  2 leopard geckos
  3 giant cockroaches
  9 goblins
  6 hobgoblins
  6 jackals (D:1)
  4 ball pythons
  6 bats
  A frilled lizard (D:1)
  4 kobolds
  4 rats
48 creatures vanquished.

Notes
Turn   | Place    | Note
-------+----------+-------------------------------------------
     0 | D:1      | ANON1729 the Kobold Brigand began the quest for the Orb.
     0 | D:1      | Reached XP level 1. HP: 12/12 MP: 1/1
    60 | D:1      | You fall into a shaft and drop 1 floor!
   195 | D:1      | Reached XP level 2. HP: 18/18 MP: 2/2
   488 | D:1      | Reached XP level 3. HP: 22/22 MP: 3/3
  1833 | D:2      | Reached XP level 4. HP: 27/27 MP: 4/4
  1891 | D:2      | Reached skill level 6 in Stealth
  2033 | D:2      | Reached skill level 1 in Evocations
  2045 | D:2      | Slain by a gnoll

Illustrated notes

Levels and vault maps discovered:
D:1:      dpeg_arrival_round_a, layout_loops_ring
D:2:      layout_basic

Skill      XL: |  1  2  3  4 |
---------------+-------------+-----
Short Blades   | 3 |  3.9
Stealth        | 6 |  6.1
Dodging        | 2 |  2.0
Evocations     | 1 |  1.0
Fighting       | |  2.7
Throwing       | |  2.6

Action                   |  1- 3 |  4- 6 || total
-------------------------+-------+-------++-------
Melee: Dagger            |    51 |     8 ||    59
       Short sword       |    29 |    27 ||    56
Throw: Dart              |     9 |       ||     9
 Stab: Sleeping          |    25 |     3 ||    28
Armor: Robe              |    12 |     7 ||    19
Dodge: Dodged            |    45 |    30 ||    75

Table legend: (Time is in decaauts)
 A = Elapsed time spent in this place.
 B = Non-inter-level travel time spent in this place.
 C = Inter-level travel time spent in this place.
 D = Time resting spent in this place.
 E = Time spent auto-exploring this place.
 F = Levels seen in this place.
 G = Mean time per level.
                   A        B        C        D        E       F      G
               +--------+--------+--------+--------+--------+-----+--------+
         Total |   2030 |   1880 |    150 |    226 |   1327 |   2 | 1015.0 |
       Dungeon |   2030 |   1880 |    150 |    226 |   1327 |   2 | 1015.0 |
               +--------+--------+--------+--------+--------+-----+--------+

Top non-repeatable levels by time:
     D:1: 1298 daAuts
     D:2: 731 daAuts
